MLB
TAMPA BAY RAYS @ BOSTON RED SOX
05/21/2020
 
TOP OF THE 1ST
Tampa Bay Rays batting - Pitching for Boston Red Sox : LHP Marco Gonzales
Pitching: LHP Marco Gonzales
Batting: RHB Jon Berti 0-0: Ball
1-0: Hit by Pitch
Batting: RHB Marcell Ozuna 0-0: Called Strike
0-1: Ball
1-1: Fly out, F8 (Flyball, 8LS, EV 85.0 MPH)
Batting: LHB Rafael Devers 0-0: Ball
1-0: Called Strike
1-1: Ball
2-1: Ball
3-1: Base on Balls
Jon Berti to second
Batting: RHB Buster Posey 0-0: Ball
1-0: Foul Ball, location: 2F
1-1: Grounds into double play, 6-4-3 (Groundball, 6, EV 85.6 MPH)
Top of the 1st over - 0 runs, 0 hits, 0 errors, 1 left on base; Tampa Bay 0 - Boston 0
BOTTOM OF THE 1ST
Boston Red Sox batting - Pitching for Tampa Bay Rays : LHP James Paxton
Pitching: LHP James Paxton
Batting: LHB Jarrod Dyson 0-0: Bunt for hit to 15 - play at first, batter OUT! 1-3
Batting: SHB Marwin Gonzalez 0-0: Called Strike
0-1: Called Strike
0-2: Ball
1-2: Foul Ball, location: 2F
1-2: Strikes out swinging
Batting: RHB Mike Trout 0-0: Foul Ball, location: 2F
0-1: Ball
1-1: Ball
2-1: Foul Ball, location: 2F
2-2: SINGLE (Line Drive, 34D, EV 98.1 MPH)
Pitching: RHP Zack Kelly
Batting: RHB Xander Bogaerts 0-0: Foul Ball, location: 2F
0-1: Ball
1-1: Ball
2-1: Called Strike
2-2: Foul Ball, location: 2F
2-2: Ball
3-2: Fly out, F6 (Flyball, 56D, EV 85.6 MPH)
Bottom of the 1st over - 0 runs, 1 hit, 0 errors, 1 left on base; Tampa Bay 0 - Boston 0
TOP OF THE 2ND
Tampa Bay Rays batting - Pitching for Boston Red Sox : LHP Marco Gonzales
Batting: LHB Daniel Vogelbach 0-0: Ball
1-0: Ground out 4-3 (Groundball, 4D, EV 98.1 MPH)
Batting: SHB Aaron Hicks 0-0: Ball
1-0: Ground out 5-3 (Groundball, 56, EV 80.0 MPH)
Batting: RHB Nelson Cruz 0-0: Swinging Strike
0-1: Ball
1-1: Foul Ball, location: 2F
1-2: Ball
2-2: Strikes out looking
Top of the 2nd over - 0 runs, 0 hits, 0 errors, 0 left on base; Tampa Bay 0 - Boston 0
BOTTOM OF THE 2ND
Boston Red Sox batting - Pitching for Tampa Bay Rays : RHP Zack Kelly
Batting: LHB Jake Lamb 0-0: Ball
1-0: Called Strike
1-1: Ground out 4-3 (Groundball, 4, EV 87.5 MPH)
Batting: RHB Wilson Ramos 0-0: Ball
1-0: Ball
2-0: Ground out 6-3 (Groundball, 6, EV 87.5 MPH)
Batting: LHB Zach McKinstry 0-0: Foul Ball, location: 2F
0-1: Ball
1-1: Ball
2-1: Ground out 4-3 (Groundball, 34, EV 105.6 MPH)
Bottom of the 2nd over - 0 runs, 0 hits, 0 errors, 0 left on base; Tampa Bay 0 - Boston 0
TOP OF THE 3RD
Tampa Bay Rays batting - Pitching for Boston Red Sox : LHP Marco Gonzales
Batting: RHB Jose Iglesias 0-0: Ball
1-0: Called Strike
1-1: Swinging Strike
1-2: Foul Ball, location: 2F
1-2: Strikes out swinging
Batting: LHB Kevin Kiermaier 0-0: Called Strike
0-1: Ball
1-1: Ground out 6-3 (Groundball, 4M, EV 85.6 MPH)
Batting: RHB Jon Berti 0-0: Hit by Pitch
Batting: RHB Marcell Ozuna 0-0: Ground out 1-3 (Groundball, 15S, EV 74.4 MPH)
Top of the 3rd over - 0 runs, 0 hits, 0 errors, 1 left on base; Tampa Bay 0 - Boston 0
BOTTOM OF THE 3RD
Boston Red Sox batting - Pitching for Tampa Bay Rays : RHP Zack Kelly
Batting: SHB Kaleb Cowart 0-0: Ball
1-0: Called Strike
1-1: Ball
2-1: Ball
3-1: Called Strike
3-2: Strikes out swinging, 2-3 out at first.
Batting: LHB Vince Fernandez 0-0: Ball
1-0: Called Strike
1-1: Swinging Strike
1-2: Foul Ball, location: 2F
1-2: Ball
2-2: Foul Ball, location: 2F
2-2: Ball
3-2: Foul Ball, location: 2F
3-2: Base on Balls
Batting: LHB Jarrod Dyson 0-0: Foul Ball, location: 2F
0-1: Grounds into double play, 6-4-3 (Groundball, 6, EV 105.6 MPH)
Bottom of the 3rd over - 0 runs, 0 hits, 0 errors, 0 left on base; Tampa Bay 0 - Boston 0
TOP OF THE 4TH
Tampa Bay Rays batting - Pitching for Boston Red Sox : LHP Marco Gonzales
Batting: LHB Rafael Devers 0-0: Swinging Strike
0-1: Ball
1-1: Swinging Strike
1-2: Strikes out swinging
Batting: RHB Buster Posey 0-0: Called Strike
0-1: Ball
1-1: Foul Ball, location: 2F
1-2: Foul Ball, location: 2F
1-2: Ball
2-2: Foul Ball, location: 2F
2-2: Ball
3-2: DOUBLE (Flyball, 89D, EV 114.4 MPH)
Batting: LHB Daniel Vogelbach 0-0: Called Strike
0-1: Ball
1-1: Ball
2-1: SINGLE (Groundball, 4MD, EV 103.8 MPH)
Buster Posey to third
Batting: SHB Aaron Hicks 0-0: Ball
1-0: Grounds into double play, 6-4-3 (Groundball, 6M, EV 85.6 MPH)
Top of the 4th over - 0 runs, 2 hits, 0 errors, 1 left on base; Tampa Bay 0 - Boston 0
BOTTOM OF THE 4TH
Boston Red Sox batting - Pitching for Tampa Bay Rays : RHP Zack Kelly
Batting: SHB Marwin Gonzalez 0-0: Ball
1-0: SOLO HOME RUN (Flyball, 9LD, EV 96.3 MPH), Distance : 353 ft
Batting: RHB Mike Trout 0-0: Ball
1-0: Called Strike
1-1: SOLO HOME RUN (Flyball, 7D, EV 92.5 MPH), Distance : 391 ft
Pitching: LHP Grant Dayton
Batting: RHB Xander Bogaerts 0-0: SOLO HOME RUN (Flyball, 7D, EV 113.8 MPH), Distance : 398 ft
Batting: LHB Jake Lamb 0-0: Ball
1-0: Ground out 4-3 (Groundball, 4, EV 103.1 MPH)
Batting: RHB Wilson Ramos 0-0: Foul Ball, location: 2F
0-1: Ground out 6-3 (Groundball, 6D, EV 98.1 MPH)
Batting: LHB Zach McKinstry 0-0: SINGLE (Line Drive, 3L, EV 95.6 MPH)
Batting: SHB Kaleb Cowart 0-0: Called Strike
0-1: Swinging Strike
0-2: Ball
1-2: Ball
2-2: Foul Ball, location: 2F
2-2: Strikes out looking
Bottom of the 4th over - 3 runs, 4 hits, 0 errors, 1 left on base; Tampa Bay 0 - Boston 3
TOP OF THE 5TH
Tampa Bay Rays batting - Pitching for Boston Red Sox : LHP Marco Gonzales
Batting: RHB Nelson Cruz 0-0: DOUBLE (Line Drive, 8LXD, EV 95.6 MPH)
Pinch Runner at 2nd Tommy Edman:
Batting: RHB Jose Iglesias 0-0: Ball
1-0: SINGLE (Line Drive, 9S, EV 91.9 MPH)
Tommy Edman to third
Runner from 3rd tries for Home, SAFE, throw by RF to home
Batting: LHB Kevin Kiermaier 0-0: Called Strike
0-1: Foul Ball, location: 2F
0-2: Foul Ball, location: 2F
0-2: Ball
1-2: Foul Ball, location: 2F
1-2: Strikes out looking
Batting: RHB Jon Berti 0-0: Ball
1-0: Ball
2-0: Called Strike
2-1: Grounds into double play, 5-4-3 (Groundball, 5, EV 81.3 MPH)
Top of the 5th over - 1 run, 2 hits, 0 errors, 0 left on base; Tampa Bay 1 - Boston 3
BOTTOM OF THE 5TH
Boston Red Sox batting - Pitching for Tampa Bay Rays : LHP Grant Dayton
Batting: LHB Vince Fernandez 0-0: Ball
1-0: Ball
2-0: Ball
3-0: Called Strike
3-1: Called Strike
3-2: Fly out, F2 (Popup, 25F, EV 88.8 MPH)
Batting: LHB Jarrod Dyson 0-0: Foul Ball, location: 2F
0-1: Ball
1-1: Swinging Strike
1-2: Strikes out looking
Batting: SHB Marwin Gonzalez 0-0: Ball
1-0: Called Strike
1-1: Foul Ball, location: 2F
1-2: Ball
2-2: Strikes out looking
Bottom of the 5th over - 0 runs, 0 hits, 0 errors, 0 left on base; Tampa Bay 1 - Boston 3
TOP OF THE 6TH
Tampa Bay Rays batting - Pitching for Boston Red Sox : LHP Marco Gonzales
Batting: RHB Marcell Ozuna 0-0: Called Strike
0-1: Ball
1-1: Ball
2-1: Foul Ball, location: 2F
2-2: Ball
3-2: Fly out, F8 (Flyball, 8LD, EV 85.6 MPH)
Batting: LHB Rafael Devers 0-0: Foul Ball, location: 2F
0-1: DOUBLE (Flyball, 9LD, EV 91.3 MPH)
Batting: RHB Buster Posey 0-0: Called Strike
0-1: Foul Ball, location: 2F
0-2: Foul Ball, location: 2F
0-2: Ball
1-2: Ball
2-2: Ground out 4-3 (Groundball, 4, EV 85.6 MPH)
Rafael Devers to third
Pitching: LHP Mike Kickham
Batting: LHB Daniel Vogelbach 0-0: Called Strike
0-1: Called Strike
0-2: Foul Ball, location: 2F
0-2: Foul Ball, location: 2F
0-2: Foul Ball, location: 2F
0-2: Strikes out swinging
Top of the 6th over - 0 runs, 1 hit, 0 errors, 1 left on base; Tampa Bay 1 - Boston 3
BOTTOM OF THE 6TH
Boston Red Sox batting - Pitching for Tampa Bay Rays : LHP Grant Dayton
Pitching: LHP Sean Doolittle
Batting: RHB Mike Trout 0-0: Foul Ball, location: 2F
0-1: Hit by Pitch
Batting: RHB Xander Bogaerts 0-0: Called Strike
0-1: Swinging Strike
0-2: SINGLE (Line Drive, 78S, EV 91.9 MPH)
Mike Trout to second
Batting: LHB Jake Lamb 0-0: Called Strike
0-1: Swinging Strike
0-2: Strikes out looking
Batting: RHB Wilson Ramos 0-0: Ball
1-0: Ball
2-0: Foul Ball, location: 2F
2-1: Ball
3-1: Swinging Strike
3-2: SINGLE (Groundball, 6MD, EV 103.1 MPH)
Mike Trout to third
Xander Bogaerts to second
Mike Trout scores
Xander Bogaerts to third
Batting: LHB Zach McKinstry 0-0: Called Strike
0-1: Ball
1-1: Ball
2-1: Ball
3-1: Swinging Strike
3-2: Strikes out swinging
Batting: SHB Kaleb Cowart 0-0: Foul Ball, location: 2F
0-1: Ball
1-1: Foul Ball, location: 2F
1-2: Ball
2-2: Ball
3-2: Strikes out swinging
Bottom of the 6th over - 1 run, 2 hits, 0 errors, 2 left on base; Tampa Bay 1 - Boston 4
TOP OF THE 7TH
Tampa Bay Rays batting - Pitching for Boston Red Sox : LHP Mike Kickham
Pitching: RHP Colton Murray
Batting: SHB Aaron Hicks 0-0: Called Strike
0-1: Ball
1-1: Ball
2-1: Foul Ball, location: 2F
2-2: Ground out 4-3 (Groundball, 4, EV 81.3 MPH)
Batting: SHB Tommy Edman 0-0: Called Strike
0-1: Swinging Strike
0-2: Strikes out looking
Batting: RHB Jose Iglesias 0-0: Called Strike
0-1: Ball
1-1: Swinging Strike
1-2: Strikes out swinging
Top of the 7th over - 0 runs, 0 hits, 0 errors, 0 left on base; Tampa Bay 1 - Boston 4
BOTTOM OF THE 7TH
Boston Red Sox batting - Pitching for Tampa Bay Rays : LHP Sean Doolittle
Pitching: LHP Jonny Venters
Batting: LHB Vince Fernandez 0-0: Ball
1-0: Ball
2-0: Called Strike
2-1: Called Strike
2-2: Ball
3-2: Base on Balls
Batting: LHB Jarrod Dyson 0-0: Ball
1-0: Ball
2-0: Sac Bunt to 2R - play at second, runner OUT! 2-6
Batting: SHB Marwin Gonzalez 0-0: Called Strike
0-1: Called Strike
0-2: Ball
1-2: Strikes out swinging
Jarrod Dyson is caught stealing 2nd base 2-4
Batter strikes out.
Bottom of the 7th over - 0 runs, 0 hits, 0 errors, 0 left on base; Tampa Bay 1 - Boston 4
TOP OF THE 8TH
Tampa Bay Rays batting - Pitching for Boston Red Sox : RHP Colton Murray
Batting: LHB Kevin Kiermaier 0-0: SINGLE (Groundball, 4MD, EV 99.4 MPH)
Batting: RHB Jon Berti 0-0: Called Strike
0-1: Foul Ball, location: 2F
0-2: Strikes out swinging
Batting: RHB Marcell Ozuna 0-0: Called Strike
0-1: Ball
1-1: Grounds into double play, 4-6-3 (Groundball, 4, EV 77.5 MPH)
Top of the 8th over - 0 runs, 1 hit, 0 errors, 0 left on base; Tampa Bay 1 - Boston 4
BOTTOM OF THE 8TH
Boston Red Sox batting - Pitching for Tampa Bay Rays : LHP Jonny Venters
Pitching: RHP Tyler Rogers
Batting: RHB Mike Trout 0-0: Called Strike
0-1: Ball
1-1: Foul Ball, location: 2F
1-2: Strikes out swinging
Batting: RHB Xander Bogaerts 0-0: Called Strike
0-1: Fly out, F8 (Flyball, 78S, EV 93.8 MPH)
Batting: LHB Jake Lamb 0-0: Ground out 4-3 (Groundball, 4, EV 103.1 MPH)
Bottom of the 8th over - 0 runs, 0 hits, 0 errors, 0 left on base; Tampa Bay 1 - Boston 4
TOP OF THE 9TH
Tampa Bay Rays batting - Pitching for Boston Red Sox : RHP Colton Murray
Pitching: RHP Edwin Diaz
Batting: LHB Rafael Devers 0-0: Ball
1-0: Ball
2-0: Foul Ball, location: 2F
2-1: Foul Ball, location: 2F
2-2: Ball
3-2: Foul Ball, location: 2F
3-2: Foul Ball, location: 2F
3-2: Foul Ball, location: 2F
3-2: Strikes out looking
Batting: RHB Buster Posey 0-0: Called Strike
0-1: SOLO HOME RUN (Flyball, 7D, EV 111.3 MPH), Distance : 394 ft
Batting: LHB Daniel Vogelbach 0-0: Foul Ball, location: 2F
0-1: Foul Ball, location: 2F
0-2: Ball
1-2: Ball
2-2: Ball
3-2: SINGLE (Groundball, 34D, EV 95.0 MPH)
Batting: SHB Aaron Hicks 0-0: Grounds into double play, U6-3 (Groundball, 4MD, EV 100.6 MPH)
Top of the 9th over - 1 run, 2 hits, 0 errors, 0 left on base; Tampa Bay 2 - Boston 4
Wednesday, July 8th, 2020 - OOTP Baseball 21.4 Build 63